 Dungeon Crawl Stone Soup version 0.28.0-53-g5a82cb258f (webtiles) character file.

Game seed: 18336716358740774324

294 Tsarbomb the Magician (level 6, -4/40 HPs)
             Began as a Djinni Conjurer on Sept 10, 2022.
             Killed from afar by Ijyb (37 damage)
             ... with a bolt of acid
             ... on level 4 of the Dungeon.
             The game lasted 00:17:10 (4788 turns).

Tsarbomb the Magician (Djinni Conjurer)             Turns: 4788, Time: 00:17:11

Health: -4/40      AC:  3    Str:  6    XL:     6   Next: 60%
Gold:   96         EV: 12    Int: 22    God:
                   SH:  0    Dex: 11

rFire   + + .      SeeInvis .   m - +1 dagger (elec)
rCold   x . .      Faith    .   (no shield)
rNeg    . . .      Spirit   .   j - +0 leather armour
rPois   ∞          Reflect  .   (no helmet)
rElec   .          Harm     .   (no cloak)
rCorr   .          Rampage  .   (no gloves)
Will    .....                   (boots unavailable)
Stlth   +.........              (no amulet)
HPRegen 0.13/turn               l - ring of wizardry
MPRegen 0.00/turn               (no ring)

@: flying
A: sickness immunity, fire resistance 2, cold vulnerability 1, float, innate
caster, HP casting, extra vitality 1
a: no special abilities


You were on level 4 of the Dungeon.
You visited 1 branch of the dungeon, and saw 4 of its levels.

You collected 96 gold pieces.

Inventory:

Hand Weapons
 m - a +1 dagger of electrocution (weapon)
Armour
 j - a +0 leather armour (worn)
Jewellery
 l - a ring of wizardry (left hand)
Wands
 g - a wand of polymorph (7)
Scrolls
 c - a scroll of teleportation {unknown}
 d - a scroll of vulnerability {unknown}
 e - a scroll of identify {unknown}
 h - a scroll of fog {unknown}
 n - 2 scrolls of amnesia {unknown}
Potions
 a - a potion of heal wounds {unknown}
 b - a potion of mutation {unknown}
 f - a potion of invisibility {unknown}
 i - a potion of attraction {unknown}
 k - a potion of brilliance {unknown}
 o - a potion of flight {unknown}


   Skills:
 - Level 2.0 Short Blades
 * Level 3.7 Dodging
 - Level 1.8 Stealth
 + Level 4.9 Spellcasting


You couldn't memorise any spells.
You knew the following spells:

 Your Spells              Type           Power      Damage    Failure   Level
a - Magic Dart            Conj           100%       1d8       1%          1
b - Searing Ray           Conj           54%        2d6       1%          2
c - Dazzling Flash        Conj/Hex       54%        N/A       2%          3
d - Fulminant Prism       Conj/Hex       13%        3d9       9%          4
e - Iskenderun's Mystic   Conj/Tloc      27%        2d7       9%          4
f - Freeze                Ice            100%       1d11      1%          1
g - Poisonous Vapours     Pois/Air       54%        N/A       1%          2
Your spell library was empty.

Dungeon Overview and Level Annotations

Branches:
Dungeon (4/15)
 Temple: D:4-7

Altars:
Qazlal

Shops:
D:3 (   D:4 *

Annotations:
D:3 exclusions: downstairs and 1 more exclusion, Sigmund
D:4 Ijyb


Innate Abilities, Weirdness & Mutations

You are immune to sickness and miasma.
You are immune to poison.
Your flesh is very heat resistant. (rF++)
You are vulnerable to cold. (rC-)
You float through the air rather than walking.
You learn spells naturally, not from books.
Your magical power is your life essence.
You have superior vitality. (+4 MHP)


Message History

Casting: Magic Dart (safe; 1% risk of failure)
Confirm with . or Enter, or press ? or * to list all spells.
Aiming: Magic Dart (safe; 1% risk of failure)
Press: ? - help, Shift-Dir - straight line, f - ball python
Aim: a ball python (wandering, hasn't noticed you, 100% to hit)
The magic dart hits the ball python.
You kill the ball python!
HP restored.
There is an open door here.
Ijyb the Twisted Goblin comes into view.
She is wielding a +0 club, wearing a +0 leather armour of fire resistance and carrying a wand of acid (8).
Ijyb shouts!
Ijyb screams, "Me very upset!"
There is an open door here.
You reach down and close the door.
Ijyb opens the door.
Casting: Magic Dart (safe; 1% risk of failure)
Confirm with . or Enter, or press ? or * to list all spells.
Aiming: Poisonous Vapours (safe; 1% risk of failure)
Press: ? - help, Dir - move target, f - Ijyb
Aim: Ijyb, wielding a +0 club, wearing a +0 leather armour of fire resistance and carrying a wand of acid (8) Poisonous vapours surround Ijyb!
Ijyb is poisoned.
Casting: Poisonous Vapours (safe; 1% risk of failure)
Confirm with . or Enter, or press ? or * to list all spells.
Aiming: Searing Ray (safe; 1% risk of failure)
Press: ? - help, Shift-Dir - straight line, f/p - Ijyb
Aim: Ijyb, wielding a +0 club, wearing a +0 leather armour of fire resistance and carrying a wand of acid (8) (very poisoned, 74% to hit)
The searing ray hits Ijyb.
Ijyb is lightly wounded. (Press . to maintain the ray.)
The searing ray hits Ijyb but does no damage.
Ijyb is lightly wounded.
Ijyb screams, "Level is mine!
All mine!"
The searing ray misses Ijyb.
Unknown command.
The searing ray misses Ijyb.
You finish channelling your searing ray.
Ijyb screams, "Get away!"
Ijyb zaps a wand.
The bolt of acid hits you!!!
Ouch! That really hurt!
You die...

.# .### .# .†. #### .#
##.#####. #...##.
##g....... #......
##.....#### #.).#.##
##.......#
###.#...####.........###
#......@g..'.........+ .
#.#.#...####.........#
#.#.#..## ##.......##
#.#.#.## ##.....##
#.....# ##...## ###.###
#+## #.# #.# #.#
######.#
#.#######...##.###


You could see Ijyb (poisoned).

Vanquished Creatures
  A necrophage (D:4)
  A scorpion (D:2)
  A hound (D:4)
  3 gnolls (D:2)
  3 adders
  2 worms
  A dart slug (D:4)
  An orc (D:3)
  5 bats
  3 endoplasms
  5 giant cockroaches
  5 goblins
  5 hobgoblins
  6 jackals (D:1)
  4 kobolds
  2 quokkas
  6 ball pythons
  3 frilled lizards
  6 rats
63 creatures vanquished.

Notes
Turn   | Place    | Note
-------+----------+-------------------------------------------
     0 | D:1      | Tsarbomb the Djinni Conjurer began the quest for the Orb.
     0 | D:1      | Reached XP level 1. HP: 15/15 MP: 0/0
   578 | D:1      | Reached XP level 2. HP: 19/21 MP: 0/0
  1158 | D:1      | Reached XP level 3. HP: 22/25 MP: 0/0
  1158 | D:1      | Learned a level 1 spell: Freeze
  1794 | D:2      | Reached skill level 1 in Short Blades
  1794 | D:2      | Reached XP level 4. HP: 24/31 MP: 0/0
  2281 | D:2      | Reached skill level 4 in Spellcasting
  3159 | D:2      | Noticed a scorpion
  3174 | D:2      | Killed a scorpion
  3175 | D:2      | Reached XP level 5. HP: 6/35 MP: 0/0
  3175 | D:2      | Learned a level 2 spell: Poisonous Vapours
  3669 | D:3      | Found a stormy altar of Qazlal.
  4039 | D:3      | Noticed Sigmund
  4159 | D:3      | Found Tiv Ehoarea's Antique Weapon Emporium.
  4376 | D:4      | Found Futikkas's Assorted Antiques.
  4490 | D:4      | Noticed a necrophage
  4496 | D:4      | Killed a necrophage
  4497 | D:4      | Reached XP level 6. HP: 29/40 MP: 0/0
  4773 | D:4      | Noticed Ijyb
  4788 | D:4      | Killed from afar by Ijyb

Illustrated notes

Levels and vault maps discovered:
D:1:      zaba_arrival_water, layout_basic, corexii_hall_statues_i
D:2:      layout_basic, minmay_hedge_maze
D:3:      layout_rooms, lemuel_tele_altar, serial_shops, shop_statue,
          shapermc_ecumenical_altar_pompeii, uniq_sigmund
D:4:      layout_loops_corners, serial_shops, nicolae_shop_statue_plus, shop,
          uniq_ijyb, uniq_menkaure

Skill      XL: |  1  2  3  4  5 |
---------------+----------------+-----
Short Blades   | 1 2 |  2.0
Spellcasting   | 4 |  4.9
Dodging        | 3 |  3.7
Stealth        | |  1.8

Action                   |  1- 3 |  4- 6 || total
-------------------------+-------+-------++-------
Melee: Dagger            |    19 |    13 ||    32
 Cast: Magic Dart        |    52 |    64 ||   116
       Searing Ray       |     3 |     6 ||     9
       Dazzling Flash    |       |     2 ||     2
       Freeze            |       |     1 ||     1
       Poisonous Vapours |       |     6 ||     6
Armor: Robe              |     2 |     2 ||     4
       Leather armour    |       |    10 ||    10
Dodge: Dodged            |    15 |    15 ||    30
